 Dungeon Crawl Stone Soup version 0.21.1-1-g345015fe64 (webtiles) character file.

217 Revguard the Insei (level 5, 0/42 HPs)
             Began as a Draconian Transmuter on June 10, 2018.
             Was an Initiate of Elyvilon.
             Killed by miscasting Blade Hands (10 damage)
             ... on level 3 of the Dungeon.
             The game lasted 00:14:21 (2501 turns).

Revguard the Insei (Draconian Transmuter)           Turns: 2501, Time: 00:14:22

Health: 0/42       AC:  5    Str: 12 (14) XL:     5   Next: 62%
Magic:  3/8        EV: 11    Int: 11 (13) God:    Elyvilon [......]
Gold:   98         SH:  0    Dex: 12 (13) Spells: 2/8 levels left

rFire    . . .     SeeInvis .     - Unarmed
rCold    . . .     Gourm    .   (no shield)
rNeg     . . .     Faith    .   (armour unavailable)
rPois    .         Spirit   .   (helmet restricted)
rElec    .         Reflect  .   (no cloak)
rCorr    .         Harm     .   (no gloves)
MR       .....                  (no boots)
Stlth    +.........             (no amulet)
HPRegen  0.14/turn              l - +2 ring of strength
MPRegen  0.11/turn              (no ring)

@: very slightly contaminated, heavily drained
A: unfitting armour, deterioration 1, cold-blooded, subdued magic 1, AC +5
a: Renounce Religion


You were on level 3 of the Dungeon.
You worshipped Elyvilon.
Elyvilon was noncommittal.
You were not hungry.

You visited 1 branch of the dungeon, and saw 3 of its levels.

You collected 98 gold pieces.

Inventory:

Missiles
 a - 82 arrows
Jewellery
 l - a +2 ring of strength (left hand)
Scrolls
 d - 2 scrolls of fear {unknown}
 h - a scroll of amnesia {unknown}
 i - 4 scrolls of identify {unknown}
 j - a scroll of enchant armour {unknown}
 m - a scroll of remove curse {unknown}
Potions
 e - 2 potions of heal wounds
Books
 b - a book of Changes

   Spells                             Type                      Level
   a - Beastly Appendage              Transmutation                1
   b - Sticks to Snakes               Transmutation                2
   c - Spider Form                    Transmutation/Poison         3
   d - Ice Form                       Ice/Transmutation            4
   e - Blade Hands                    Transmutation                5
Comestibles
 c - 7 rations


   Skills:
 * Level 2.6(0.9) Fighting
 + Level 2.5(0.8) Dodging
 * Level 2.0(0.4) Stealth
 + Level 4.5(2.8) Unarmed Combat
 + Level 2.3(0.7) Spellcasting
 * Level 2.5(0.8) Transmutations


You had 2 spell levels left.
You knew the following spells:

 Your Spells              Type           Power        Failure   Level  Hunger
a - Beastly Appendage     Tmut           #.....       21%         1    ##.....
b - Blade Hands           Tmut           #.........   99%         5    ######.


Dungeon Overview and Level Annotations

Branches:
Dungeon (3/15)

Altars:
Ashenzari
Elyvilon
Fedhas
Hepliaklqana
Xom
Yredelemnul

Annotations:
D:3 Revguard's ghost, amateur DrGl


Innate Abilities, Weirdness & Mutations

Your plain brown scales are hard. (AC +5)
You cannot fit into any form of body armour.
You are cold-blooded and may be slowed by cold attacks.
Your body sometimes deteriorates upon taking damage.
Your spells are a little easier to cast, but a little less powerful.


Message History

e - 2 potions of heal wounds A frilled lizard comes into view.
The rat bites you. Revguard's ghost hits you!
The hobgoblin hits you with a club.
You completely miss Revguard's ghost. Revguard's ghost hits you!
* * * LOW HITPOINT WARNING * * *
The hobgoblin hits you with a club.
* * * LOW HITPOINT WARNING * * *
Casting: Beastly Appendage
Confirm with . or Enter, or press ? or * to list all spells.
You don't know that spell.
Casting: Beastly Appendage
Confirm with . or Enter, or press ? or * to list all spells.
The spell is very dangerous to cast!
Continue anyway?
You miscast Blade Hands.
You are very lightly contaminated with residual magic.
Your connection to magic feels subdued.
You feel yourself wasting away.
Your body is distorted in a weirdly horrible way!
You die...

#####.# ############.# #.#
####### #.# #####.# #.......##
#.# ...##.##..≈...§..## #.#
..>..##..≈.≈.≈.≈§§## #.#
....##..≈...≈..§≈..## #.#
##.##§§≈§≈.≈.≈.§§§..## #.# ##
.§§..§.8.≈...≈..###.#
≈§§§≈.§§§.≈@≈.≈..##.#
.§§≈.§.≈..rWg..≈?#..#
≈.≈.≈.≈§§o≈§≈§≈..##.#
.≈o8§≈.8.§§8§≈...##.#
≈.≈§≈§≈.≈§§§≈.≈..##.#####
≈...§...≈...§...≈.##.....#
.≈.≈§§.≈.§.≈.≈.≈..##.###.#
####..§...§.8.≈...≈..###.#
...##..≈.≈.≈.§§≈.≈..##...###.##


You could see Revguard's ghost, an orc, a hobgoblin and a rat.

Vanquished Creatures
  2 orc wizards (D:3)
  Terence (D:2)
  Robin (D:2)
  2 adders
  A shadow imp (D:2)
  An ooze (D:1)
  2 worms
  2 leopard geckos
  10 orcs (D:3)
  6 bats
  A giant cockroach (D:2)
  21 goblins
  7 hobgoblins
  7 kobolds
  2 quokkas (D:3)
  2 frilled lizards
  7 rats
75 creatures vanquished.

Notes
Turn   | Place    | Note
-------+----------+-------------------------------------------
     0 | D:1      | Revguard the Draconian Transmuter began the quest for the Orb.
     0 | D:1      | Reached XP level 1. HP: 16/16 MP: 3/3
   379 | D:1      | Reached XP level 2. HP: 23/23 MP: 3/5
   622 | D:1      | Reached XP level 3. HP: 22/28 MP: 6/6
   755 | D:2      | Reached skill level 1 in Stealth
   853 | D:2      | Found a hazy altar of Hepliaklqana.
   864 | D:2      | Found a white marble altar of Elyvilon.
   864 | D:2      | Found a blossoming altar of Fedhas.
   867 | D:2      | Found a basalt altar of Yredelemnul.
   870 | D:2      | Found a shimmering altar of Xom.
  1027 | D:2      | Found a shattered altar of Ashenzari.
  1053 | D:2      | Noticed Terence
  1095 | D:2      | Killed Terence
  1095 | D:2      | Reached XP level 4. HP: 9/36 MP: 7/7
  1490 | D:2      | Noticed Robin
  1510 | D:2      | Killed Robin
  1512 | D:2      | Reached skill level 4 in Unarmed Combat
  1612 | D:2      | Became a worshipper of Elyvilon the Healer
  1914 | D:3      | Reached XP level 5. HP: 24/41 MP: 6/8
  1935 | D:3      | Noticed Revguard's ghost (amateur DrGl)
  2068 | D:3      | Learned a level 5 spell: Blade Hands
  2190 | D:3      | HP: 1/42 [orc (3)]
  2229 | D:3      | HP: 2/42 [bat (1)]
  2501 | D:3      | Gained mutation: Your spells are a little easier to cast, but a little less powerful. [miscasting Blade Hands]
  2501 | D:3      | Gained mutation: Your body sometimes deteriorates upon taking damage. [miscasting Blade Hands]
  2501 | D:3      | Killed by miscasting Blade Hands

Skill      XL: |  1  2  3  4  5 |
---------------+----------------+-----
Dodging        | 2 |  2.5
Stealth        | 1 2 |  2.0
Fighting       | 2 |  2.6
Unarmed Combat | 4 |  4.5
Spellcasting   | |  2.3
Transmutations | |  2.5

Action                   |  1- 3 |  4- 6 || total
-------------------------+-------+-------++-------
Melee: Unarmed           |   119 |   145 ||   264
       Kick              |     7 |    11 ||    18
       Headbutt          |     5 |     8 ||    13
       Punch             |     2 |     1 ||     3
       Tailslap          |     8 |    17 ||    25
 Cast: Beastly Appendage |    12 |    11 ||    23
  Use: Potion            |       |     5 ||     5
 Stab: Sleeping          |     1 |     1 ||     2
       Distracted        |       |     1 ||     1
  Eat: Ration            |       |     2 ||     2
Armor: Skin              |    32 |    70 ||   102
Dodge: Dodged            |    86 |   108 ||   194
